 Dungeon Crawl Stone Soup version 0.19-a0-1886-gd64a0f0 (webtiles) character file.

204 graki42 the Cudgeler (level 5, 0/85 HPs)
             Began as an Ogre Berserker on Oct 15, 2016.
             Was a Believer of Trog.
             Slain by a black bear (3 damage)
             ... on level 4 of the Dungeon.
             The game lasted 00:06:00 (2957 turns).

graki42 the Cudgeler (Ogre Berserker)               Turns: 2957, Time: 00:06:00

Health: 0/85       AC:  3    Str: 27    XL:     5   Next: 82%
Magic:  5/5        EV: 11    Int:  7    God:    Trog [**....]
Gold:   127        SH:  0    Dex:  9    Spells: 0 memorised, 4 levels left

rFire  . . .     SeeInvis .     a - +0 mace
rCold  . . .     Gourm    .     b - +0 animal skin
rNeg   + . .     Faith    .     (no shield)
rPois  +         Spirit   .     (helmet restricted)
rElec  .         Dismiss  .     (no cloak)
rCorr  .         Reflect  .     (gloves unavailable)
MR     ++...     Harm     .     (boots unavailable)
Stlth  ..........               (no amulet)
                                m - ring of poison resistance
                                e - ring of positive energy

@: berserking, regenerating, very quick
A: unfitting armour, tough skin 1
a: Berserk, Trog's Hand, Burn Spellbooks, Renounce Religion


You were on level 4 of the Dungeon.
You worshipped Trog.
Trog was pleased with you.
You were near starving.

You visited 1 branch of the dungeon, and saw 4 of its levels.

You collected 127 gold pieces.

Inventory:

Hand Weapons
 a - a +0 mace (weapon)
Armour
 b - a +0 animal skin (worn)
Jewellery
 e - a ring of positive energy (left hand)
 m - a ring of poison resistance (right hand)
Scrolls
 i - 6 scrolls of identify {unknown}
 k - a scroll of teleportation {unknown}
 n - 2 scrolls of recharging {unknown}
 q - a scroll of remove curse {unknown}
Potions
 d - a potion of magic {unknown}
 g - a potion of invisibility {unknown}
 h - 3 potions of curing {unknown}
 l - 2 potions of might {unknown}
 o - a potion of agility {unknown}
 p - a potion of degeneration {unknown}
 r - a potion of flight {unknown}
Comestibles
 c - 4 bread rations
 f - a beef jerky
 j - 2 meat rations
 s - a slice of pizza
 t - 4 fruits


   Skills:
 + Level 5.4 Fighting
 + Level 6.2 Maces & Flails
 + Level 3.8 Dodging


You had 4 spell levels left.
You didn't know any spells.

Dungeon Overview and Level Annotations

Branches:
Dungeon (4/15)             Temple (0/1) D:4

Altars:
Kikubaaqudgha
Uskayaw


Innate Abilities, Weirdness & Mutations

You are too large for most types of armour.
You have tough skin. (AC +1)


Message History

You barely miss the black bear.
The black bear is lightly wounded.
The black bear bites you!
* * * LOW HITPOINT WARNING * * *
The black bear claws you.
* * * LOW HITPOINT WARNING * * *
The black bear claws you.
* * * LOW HITPOINT WARNING * * *
You completely miss the black bear.
The black bear is lightly wounded.
The black bear bites you.
* * * LOW HITPOINT WARNING * * *
The black bear claws you.
* * * LOW HITPOINT WARNING * * *
The black bear claws you.
* * * LOW HITPOINT WARNING * * *
You thump the black bear!
The black bear is heavily wounded.
The black bear bites you.
You die...

## ##.# ###.#.##
..###..####...##
........<...##.#
.#.........#####
###......##
###....# #...##
#...# #@#....#
...(.oh#######
.....Zo .......
....... ♣......
....... ♣♣....#


You could see a black bear, 2 orcs and a leopard gecko skeleton.

Vanquished Creatures
  An orc priest (D:4)
  An orc wizard (D:4)
  3 gnolls (D:3)
  4 adders
  4 worms
  A dart slug (D:1)
  2 leopard geckos
  2 orcs
  8 bats
  3 giant cockroaches
  7 goblins
  10 hobgoblins
  2 jackals (D:1)
  9 kobolds
  2 quokkas (D:3)
  2 frilled lizards (D:1)
  6 rats
67 creatures vanquished.

Notes
Turn   | Place    | Note
-------+----------+-------------------------------------------
     0 | D:1      | graki42 the Ogre Berserker began the quest for the Orb.
     0 | D:1      | Reached XP level 1. HP: 24/24 MP: 1/1
   183 | D:1      | Reached XP level 2. HP: 33/33 MP: 2/2
   884 | D:2      | Reached XP level 3. HP: 26/40 MP: 3/3
  1203 | D:2      | Reached ** piety under Trog
  1203 | D:2      | Reached skill level 5 in Fighting
  1375 | D:2      | Found an ancient bone altar of Kikubaaqudgha.
  1459 | D:2      | Reached XP level 4. HP: 50/50 MP: 4/4
  1701 | D:2      | Reached skill level 5 in Maces & Flails
  2491 | D:3      | Reached XP level 5. HP: 44/57 MP: 5/5
  2579 | D:3      | Found a hide-covered altar of Uskayaw.
  2910 | D:4      | Found a staircase to the Ecumenical Temple.
  2929 | D:4      | Noticed a black bear
  2936 | D:4      | Reached skill level 6 in Maces & Flails
  2956 | D:4      | HP: 4/85 [black bear (3)]
  2957 | D:4      | Slain by a black bear

Vault maps used:
D:1:      saegor_arrival_simple_d
D:2:      kiku_gazebo_pond_becter
D:3:      old_standard_altar
D:4:      wad_woods_pond, first_bread, serial_park_tiny_1,
          nicolae_alphabet_shops

Skill      XL: |  1  2  3  4  5 |
---------------+----------------+-----
Dodging        | 3 |  3.8
Fighting       | 5 |  5.4
Maces & Flails | 5 6 |  6.2

Action                   |  1- 3 |  4- 6 || total
-------------------------+-------+-------++-------
Melee: Mace              |    84 |   168 ||   252
Invok: Berserk           |     1 |     2 ||     3
       Trog's Hand       |       |     2 ||     2
 Stab: Sleeping          |     2 |       ||     2
  Eat: Chunk             |     3 |     5 ||     8
Armor: Animal skin       |    22 |    55 ||    77
Dodge: Dodged            |    58 |   132 ||   190
